[Event "EIWCC 2017"]
[Site "Riga"]
[Date "2017.04.12"]
[Round "2"]
[White "Exler, Veronika"]
[Black "Tsolakidou, Stavroula"]
[Result "0-1"]
[ECO "A07"]
[WhiteElo "2208"]
[BlackElo "2395"]
[Annotator "ChessBase"]
[PlyCount "66"]
[EventDate "2017.??.??"]
[EventType "swiss"]
[EventCountry "LAT"]
[SourceTitle "playchess.com"]
[Source "ChessBase"]
[SourceQuality "1"]
[TimeControl "40/5400+30:1800+30"]

1. Nf3 Nf6 2. g3 d5 3. Bg2 c6 4. O-O Bg4 5. d4 e6 6. Nbd2 Be7 7. Re1 O-O 8. e4 Bh5 9. c3 h6 10. e5 Nh7 11. h4 Nd7 12. Nb3 Rc8 13. Be3 f6 14. exf6 Rxf6 15. Bf4 g5 16. hxg5 hxg5 17. Be5 Nxe5 18. Rxe5 Qf8 19. Nbd2 Bd6 20. Re3 Qf7 21. Qe1 Rf8 22. Rd1 Bg4 23. Rc1 Bh5 24. Rd1 Bg4 25. Rc1 Qh5 26. Ne5 Bxe5 27. Rxe5 Rh6 28. f3 Qh2+ 29. Kf2 Bxf3 30. Nxf3 g4 31. Re3 Rxf3+ 32. Rxf3 gxf3 33. Kxf3 Rf6+ 0-1

[Event "EIWCC 2017"]
[Site "Riga"]
[Date "2017.04.12"]
[Round "2"]
[White "Balajayeva, Khanim"]
[Black "Savina, Anastasia"]
[Result "1/2-1/2"]
[ECO "B07"]
[WhiteElo "2196"]
[BlackElo "2378"]
[Annotator "ChessBase"]
[PlyCount "90"]
[EventDate "2017.??.??"]
[EventType "swiss"]
[EventCountry "LAT"]
[SourceTitle "playchess.com"]
[Source "ChessBase"]
[SourceQuality "1"]
[TimeControl "40/5400+30:1800+30"]

1. e4 d6 2. d4 Nf6 3. Nc3 e5 4. dxe5 dxe5 5. Qxd8+ Kxd8 6. Bg5 Be6 7. O-O-O+ Nbd7 8. Nf3 Kc8 9. Bh4 h6 10. Bg3 Bd6 11. Bd3 a6 12. h3 Nh5 13. Bh2 g5 14. g4 Nf4 15. Bxf4 gxf4 16. Nh4 Bc5 17. f3 b5 18. Nf5 Kb7 19. Ng7 Rh7 20. Nxe6 fxe6 21. h4 h5 22. g5 Nf8 23. Rh2 Ng6 24. Bf1 Bg1 25. Rh1 Bf2 26. Bh3 Re8 27. Rdf1 Bg3 28. Ne2 Bxh4 29. Bf5 exf5 30. exf5 Ne7 31. Rxh4 Nxf5 32. Rh3 h4 33. Nc3 Ng3 34. Re1 Kc6 35. Nd1 Rh5 36. Nf2 Rxg5 37. Rxh4 Rd8 38. Nd3 e4 39. fxe4 f3 40. Rh6+ Rd6 41. Rxd6+ cxd6 42. Re3 Ne2+ 43. Kd2 Nd4 44. Kc3 Ne2+ 45. Kd2 Nd4 1/2-1/2

[Event "EIWCC 2017"]
[Site "Riga"]
[Date "2017.04.12"]
[Round "2"]
[White "Sazonova, Anastasia"]
[Black "Kovanova, Baira"]
[Result "1/2-1/2"]
[ECO "D37"]
[WhiteElo "2143"]
[BlackElo "2376"]
[Annotator "ChessBase"]
[PlyCount "81"]
[EventDate "2017.??.??"]
[EventType "swiss"]
[EventCountry "LAT"]
[SourceTitle "playchess.com"]
[Source "ChessBase"]
[SourceQuality "1"]
[TimeControl "40/5400+30:1800+30"]

1. d4 Nf6 2. c4 e6 3. Nf3 d5 4. Nc3 Be7 5. Bg5 h6 6. Bxf6 Bxf6 7. e3 O-O 8. Qc2 c5 9. dxc5 dxc4 10. Bxc4 Nd7 11. c6 bxc6 12. O-O Bb7 13. Rfd1 Qc7 14. Be2 a6 15. Ne4 Be7 16. Rac1 c5 17. b3 Rac8 18. Ned2 Nf6 19. Nc4 Nd5 20. Nfe5 Bf6 21. f4 Bxe5 22. fxe5 Qe7 23. Bf3 Nb4 24. Qe2 Rcd8 25. Bxb7 Qxb7 26. Rd6 Qe4 27. Rcd1 Rb8 28. Rd7 Nd5 29. Rf1 Qg6 30. Rd6 Nb4 31. e4 Rbc8 32. Na5 c4 33. Nxc4 Qg5 34. Rb6 Nc6 35. Rxa6 Nxe5 36. Ra5 Rxc4 37. bxc4 Nf3+ 38. Qxf3 Qxa5 39. Qb3 Qa7+ 40. Kh1 Ra8 41. Qf3 1/2-1/2

[Event "EIWCC 2017"]
[Site "Riga"]
[Date "2017.04.12"]
[Round "2"]
[White "Gueci, Tea"]
[Black "Szczepkowska, Karina"]
[Result "1-0"]
[ECO "C77"]
[WhiteElo "2132"]
[BlackElo "2414"]
[Annotator "ChessBase"]
[PlyCount "145"]
[EventDate "2017.??.??"]
[EventType "swiss"]
[EventCountry "LAT"]
[SourceTitle "playchess.com"]
[Source "ChessBase"]
[SourceQuality "1"]
[TimeControl "40/5400+30:1800+30"]

1. e4 e5 2. Nf3 Nc6 3. Bb5 a6 4. Ba4 Nf6 5. Qe2 b5 6. Bb3 Be7 7. c3 O-O 8. O-O d5 9. d3 Re8 10. h3 h6 11. Nbd2 Bf8 12. Re1 Bb7 13. Nf1 Na5 14. Bc2 c5 15. Ng3 g6 16. Bd2 Nc6 17. Nh2 d4 18. Rad1 dxc3 19. bxc3 Bc8 20. Be3 Be6 21. Bb3 Qe7 22. Nf3 Rad8 23. Qb2 Bc8 24. d4 exd4 25. cxd4 c4 26. Bc2 Bg7 27. Qc1 Kh7 28. a3 Na5 29. Bd2 Qc7 30. Bc3 Nb7 31. Qb2 Nd7 32. a4 bxa4 33. Bxa4 Re6 34. Bc2 Ree8 35. Ra1 Re6 36. h4 Rb6 37. Qa2 Nf8 38. h5 Bg4 39. hxg6+ fxg6 40. Nh2 Be6 41. e5 Bd5 42. f4 Kh8 43. f5 gxf5 44. Nxf5 Ne6 45. Ng4 Nf4 46. Nge3 Be6 47. Be4 Rg8 48. g3 Nh3+ 49. Kh2 Ng5 50. Bg2 Qf7 51. Rf1 Qh5+ 52. Nh4 Rb3 53. Qc2 Bf8 54. d5 Nc5 55. dxe6 Rxc3 56. Qxc3 Nge4 57. Bxe4 Nxe4 58. Qxc4 Nxg3 59. Qf4 Be7 60. Neg2 Rg4 61. Qxg3 Rxg3 62. Kxg3 Qxe5+ 63. Nf4 Kh7 64. Nhg6 Qc3+ 65. Kg4 Bd6 66. Rad1 h5+ 67. Kxh5 Qc5+ 68. Rd5 Qa3 69. Kg4 Kg7 70. Rfd1 Bxf4 71. Nxf4 Qa2 72. e7 Kf7 73. Re1 1-0

[Event "EIWCC 2017"]
[Site "Riga"]
[Date "2017.04.12"]
[Round "2"]
[White "Tsiganova, Monika"]
[Black "Lazarne Vajda, Szidonia"]
[Result "1/2-1/2"]
[ECO "A48"]
[WhiteElo "2111"]
[BlackElo "2355"]
[Annotator "RC"]
[PlyCount "60"]
[EventDate "2017.??.??"]
[EventType "swiss"]
[EventCountry "LAT"]
[SourceTitle "playchess.com"]
[Source "ChessBase"]
[SourceQuality "1"]
[TimeControl "40/5400+30:1800+30"]

1. d4 Nf6 2. Nf3 g6 3. Bg5 Bg7 4. Nbd2 d5 5. e3 Nbd7 6. Bd3 c5 7. c3 b6 8. Qe2 Bb7 9. dxc5 Nxc5 10. Bb5+ Nfd7 11. Nd4 a6 12. Bc6 Qc7 13. Bxb7 Qxb7 14. O-O b5 15. Rad1 e6 16. Rfe1 h6 17. Bh4 Nb6 18. e4 Nxe4 19. Nxe4 dxe4 20. Nxb5 axb5 21. Qxb5+ Kf8 22. Rd8+ Rxd8 23. Bxd8 Qd5 24. Qb4+ Kg8 25. Bxb6 Qxa2 26. h4 Kh7 27. h5 Rb8 28. hxg6+ fxg6 29. Qd6 Rb7 30. Bd4 Qxb2 1/2-1/2

[Event "EIWCC 2017"]
[Site "Riga"]
[Date "2017.04.12"]
[Round "2"]
[White "Baptista, Ana Filipa"]
[Black "Michna, Marta"]
[Result "0-1"]
[ECO "B06"]
[WhiteElo "2071"]
[BlackElo "2389"]
[Annotator "ChessBase"]
[PlyCount "50"]
[EventDate "2017.??.??"]
[EventType "swiss"]
[EventCountry "LAT"]
[SourceTitle "playchess.com"]
[Source "ChessBase"]
[SourceQuality "1"]
[TimeControl "40/5400+30:1800+30"]

1. e4 g6 2. d4 Bg7 3. Nc3 d6 4. Be3 Nd7 5. h4 Ngf6 6. Be2 h5 7. f3 c6 8. Qd2 b5 9. d5 cxd5 10. Bxb5 dxe4 11. Bc6 Rb8 12. Bxa7 Rxb2 13. Na4 Qc7 14. Nxb2 Qxa7 15. Qb4 O-O 16. Ne2 exf3 17. Bxf3 Ne5 18. a4 Nfg4 19. O-O-O Nf2 20. Kb1 Nxh1 21. Rxh1 Nxf3 22. gxf3 Bf5 23. Nc3 Qf2 24. Rc1 Qxf3 25. Nd3 Rc8 0-1

[Event "EIWCC 2017"]
[Site "Riga"]
[Date "2017.04.12"]
[Round "2"]
[White "Beydullayeva, Govhar"]
[Black "Pustovoitova, Daria"]
[Result "0-1"]
[ECO "A20"]
[WhiteElo "2054"]
[BlackElo "2411"]
[Annotator "ChessBase"]
[PlyCount "68"]
[EventDate "2017.??.??"]
[EventType "swiss"]
[EventCountry "LAT"]
[SourceTitle "playchess.com"]
[Source "ChessBase"]
[SourceQuality "1"]
[TimeControl "40/5400+30:1800+30"]

1. c4 e5 2. g3 Nf6 3. Bg2 Nc6 4. Nc3 Bb4 5. Nd5 Nxd5 6. cxd5 Ne7 7. a3 Bc5 8. Nf3 d6 9. d4 exd4 10. Nxd4 O-O 11. b4 Bb6 12. Bb2 a5 13. O-O Ng6 14. Qc2 Re8 15. e4 Ne5 16. Kh1 Bd7 17. f4 Ng4 18. Rae1 axb4 19. axb4 Qf6 20. Nf5 Ra2 21. Re2 Bxf5 22. exf5 Qd8 23. Rxe8+ Qxe8 24. h3 Ne3 25. Re1 Qa8 26. Qc3 f6 27. Be4 Qe8 28. Bg2 Qa4 29. Be4 Nd1 30. Qd2 Nf2+ 31. Kg2 Qb3 32. Bf3 Rxb2 33. Re8+ Kf7 34. Bh5+ g6 0-1

[Event "EIWCC 2017"]
[Site "Riga"]
[Date "2017.04.12"]
[Round "2"]
[White "Ozbay, Ece"]
[Black "Arabidze, Meri"]
[Result "0-1"]
[ECO "B43"]
[WhiteElo "2035"]
[BlackElo "2373"]
[Annotator "ChessBase"]
[PlyCount "104"]
[EventDate "2017.??.??"]
[EventType "swiss"]
[EventCountry "LAT"]
[SourceTitle "playchess.com"]
[Source "ChessBase"]
[SourceQuality "1"]
[TimeControl "40/5400+30:1800+30"]

1. e4 c5 2. Nf3 e6 3. d4 cxd4 4. Nxd4 a6 5. Nc3 Qc7 6. Be2 Nf6 7. O-O Be7 8. a4 O-O 9. Be3 d6 10. a5 Nbd7 11. Nb3 Rd8 12. f4 b5 13. axb6 Nxb6 14. Qd4 Nfd7 15. e5 Bb7 16. Rad1 Nc8 17. exd6 Nxd6 18. Bd3 g6 19. Na4 Bf6 20. Qb4 a5 21. Qa3 Nc4 22. Bxc4 Qxc4 23. Rf2 Nc5 24. Nd2 Qxa4 25. Qxc5 Rdc8 26. Qb6 Qxc2 27. Re1 Qc7 28. Qxc7 Rxc7 29. b3 Bd5 30. Rb1 Rc3 31. Re2 Rb8 32. Bf2 h5 33. Ra1 Rb5 34. Be1 Rc2 35. Ra3 Be7 36. Ra1 Bxb3 37. Re4 Bd5 38. Rea4 Bc5+ 39. Kh1 Bb4 40. Nf3 Bxf3 41. gxf3 Bxe1 42. Rxe1 Rbb2 43. Rxa5 Rxh2+ 44. Kg1 Rbg2+ 45. Kf1 h4 46. Rg5 Rxg5 47. fxg5 Rh1+ 48. Kf2 Rxe1 49. Kxe1 f6 50. gxf6 Kf7 51. Kf2 Kxf6 52. Kg2 Kf5 0-1

[Event "EIWCC 2017"]
[Site "Riga"]
[Date "2017.04.13"]
[Round "3"]
[White "Kashlinskaya, Alina"]
[Black "Kazarian, Anna-Maja"]
[Result "1-0"]
[ECO "D10"]
[WhiteElo "2426"]
[BlackElo "2257"]
[Annotator "TA"]
[PlyCount "63"]
[EventDate "2017.??.??"]
[EventType "swiss"]
[EventCountry "LAT"]
[SourceTitle "playchess.com"]
[Source "ChessBase"]
[SourceQuality "1"]
[TimeControl "40/5400+30:1800+30"]

1. d4 d5 2. c4 c6 3. cxd5 cxd5 4. Bg5 {[%emt 0:00:00] D10: Slav Defence: 3 cxd5 (without early Nf3) and 3 Nc3} (4. Nc3 Nf6 5. Bf4 Nc6 6. e3 a6 7. Be2 e6 8. Nf3 Be7 9. h3 O-O 10. Rc1 Bd7 11. O-O Rc8 12. Bd3 b5 13. a4 b4 14. Nb1 Na5 15. Rxc8 Qxc8 {0-1 (37) Vallejo Pons,F (2711)-Carlsen,M (2840) Doha 2016}) 4... h6 5. Bh4 Qa5+ $146 (5... Qb6 6. Nc3 e6 7. Qd2 Ne7 8. f3 Nbc6 9. Rd1 Nf5 10. Bf2 Bb4 11. e4 Nfe7 {1-0 (54) Artemiev,V (2653)-Dreev,A (2652) Moscow 2016}) 6. Nc3 e6 7. a3 Nc6 8. e3 Bd7 9. Bd3 Qb6 10. Nf3 Bd6 11. O-O Nf6 12. b4 a5 13. Na4 Qa7 {[%emt 0:02:34] [#]} 14. b5 $1 Ne7 15. Ne5 b6 16. Qf3 Bxe5 17. dxe5 Ne4 18. Bxe7 Kxe7 19. Bxe4 ({Better is} 19. Qg4 $16) 19... dxe4 20. Qe2 Rac8 21. Rfd1 $18 Qc7 22. Qb2 Qc2 23. Qd4 Rhd8 24. Nxb6 Rc3 25. Rd2 Qb3 26. Qd6+ Ke8 27. Nxd7 Rd3 28. Qf8+ Kxd7 29. Qxf7+ Kc8 30. Rc1+ Kb8 31. Qc7+ Ka8 32. b6 1-0

[Event "EIWCC 2017"]
[Site "Riga"]
[Date "2017.04.13"]
[Round "3"]
[White "Skripchenko, Almira"]
[Black "Ivanenko, Olga I"]
[Result "1/2-1/2"]
[ECO "B23"]
[WhiteElo "2420"]
[BlackElo "2252"]
[Annotator "TA"]
[PlyCount "103"]
[EventDate "2017.??.??"]
[EventType "swiss"]
[EventCountry "LAT"]
[SourceTitle "playchess.com"]
[Source "ChessBase"]
[SourceQuality "1"]
[TimeControl "40/5400+30:1800+30"]

1. e4 c5 2. Nc3 a6 3. g3 b5 4. Bg2 Bb7 5. d3 e6 6. Nh3 Nf6 7. O-O d5 8. e5 Nfd7 9. f4 Be7 10. f5 Nxe5 11. fxe6 fxe6 12. Qh5+ Ng6 13. Ng5 Bxg5 14. Bxg5 Qd6 15. Rae1 Nd7 16. a3 e5 17. Rf5 Rf8 18. Rxf8+ Ndxf8 19. Bf4 O-O-O 20. Bxe5 Nxe5 21. Qxe5 Qxe5 22. Rxe5 Ng6 23. Rh5 Re8 24. Bxd5 Re1+ 25. Kf2 Rc1 26. Bb3 c4 27. dxc4 bxc4 28. Rc5+ Kd7 29. Rxc4 Rh1 30. h4 Rh2+ 31. Ke3 Rg2 32. Rg4 Kd6 33. h5 Ne7 34. Ne4+ Ke5 35. Kd3 Nf5 36. Bc4 h6 37. b4 Rg1 38. c3 Re1 39. Nf2 Re3+ 40. Kd2 Rxg3 41. Nd3+ Kd6 42. Rf4 Rg2+ 43. Kc1 Ne3 44. Rd4+ Kc7 45. Nc5 Rc2+ 46. Kb1 Rxc3 47. Rd7+ Kc6 48. Rxb7 Nxc4 49. Rxg7 Nxa3+ 50. Kb2 Rh3 51. Rg6+ Kb5 52. Rxh6 1/2-1/2

[Event "EIWCC 2017"]
[Site "Riga"]
[Date "2017.04.13"]
[Round "3"]
[White "Szczepkowska, Karina"]
[Black "Baptista, Ana Filipa"]
[Result "1-0"]
[ECO "E12"]
[WhiteElo "2414"]
[BlackElo "2071"]
[Annotator "NA"]
[PlyCount "45"]
[EventDate "2017.??.??"]
[EventType "swiss"]
[EventCountry "LAT"]
[SourceTitle "playchess.com"]
[Source "ChessBase"]
[SourceQuality "1"]
[TimeControl "40/5400+30:1800+30"]

1. d4 Nf6 2. c4 e6 3. Nf3 b6 4. a3 Bb7 5. Nc3 d5 6. Bg5 Be7 7. Qa4+ c6 8. Bxf6 Bxf6 9. cxd5 exd5 10. g3 O-O 11. Bg2 Re8 12. O-O g6 13. Rfe1 Bg7 14. e4 dxe4 15. Nxe4 Na6 16. Rad1 Qb8 (16... Nc7 $11) 17. h4 h6 18. Qc4 Qc7 $16 19. Ne5 Rad8 20. Nxg6 b5 21. Qb3 Bc8 22. Nf4 Rxd4 23. Nf6+ 1-0

[Event "EIWCC 2017"]
[Site "Riga"]
[Date "2017.04.13"]
[Round "3"]
[White "Pustovoitova, Daria"]
[Black "Mammadova, Narmin"]
[Result "1-0"]
[ECO "D35"]
[WhiteElo "2411"]
[BlackElo "2240"]
[Annotator "ChessBase"]
[PlyCount "119"]
[EventDate "2017.??.??"]
[EventType "swiss"]
[EventCountry "LAT"]
[SourceTitle "playchess.com"]
[Source "ChessBase"]
[SourceQuality "1"]
[TimeControl "40/5400+30:1800+30"]

1. c4 e6 2. d4 d5 3. Nc3 Nf6 4. cxd5 exd5 5. Bg5 Be7 6. e3 O-O 7. Bd3 c6 8. Qc2 Nbd7 9. Nge2 Re8 10. f3 Nf8 11. Bh4 Ng6 12. Bf2 c5 13. Qd2 cxd4 14. Nxd4 Ne5 15. O-O Bc5 16. Be2 Nc4 17. Bxc4 dxc4 18. Rad1 Qe7 19. Qe2 Qe5 20. Qxc4 Bd6 21. g3 Bh3 22. Rfe1 a6 23. Nde2 Rad8 24. Nf4 Bc8 25. e4 Qg5 26. Bb6 Rd7 27. Ng2 Bb8 28. Qc5 Qh6 29. Nd5 Nxd5 30. exd5 Rf8 31. Ne3 Qf6 32. f4 Qxb2 33. Nf5 Qf6 34. d6 Kh8 35. Qe5 Qxe5 36. fxe5 Rdd8 37. Bxd8 Rxd8 38. Ne7 Bh3 39. Rb1 Ba7+ 40. Kh1 Rd7 41. Rec1 h5 42. Rc7 b5 43. Rbc1 Bb6 44. Rxd7 Bxd7 45. Rc7 Bxc7 46. dxc7 a5 47. c8=Q+ Bxc8 48. Nxc8 b4 49. Nb6 Kh7 50. Kg2 Kg6 51. Kf3 Kf5 52. h3 g5 53. Ke3 Kxe5 54. Nc4+ Kd5 55. Nxa5 f5 56. Kf3 Kc5 57. h4 gxh4 58. gxh4 Kb5 59. Nb3 Ka4 60. Nd4 1-0

[Event "EIWCC 2017"]
[Site "Riga"]
[Date "2017.04.13"]
[Round "3"]
[White "Nechaeva, Marina"]
[Black "Kantane, Anna"]
[Result "1-0"]
[ECO "D77"]
[WhiteElo "2395"]
[BlackElo "2230"]
[Annotator "NA"]
[PlyCount "85"]
[EventDate "2017.??.??"]
[EventType "swiss"]
[EventCountry "LAT"]
[SourceTitle "playchess.com"]
[Source "ChessBase"]
[SourceQuality "1"]
[TimeControl "40/5400+30:1800+30"]

1. d4 Nf6 2. c4 g6 3. Nf3 Bg7 4. g3 O-O 5. Bg2 d5 6. O-O dxc4 7. Na3 c3 8. bxc3 c5 9. Ne5 Nfd7 10. Nac4 Nxe5 11. Nxe5 Nd7 12. Nxd7 Qxd7 13. dxc5 Qc7 14. Be3 $14 Bxc3 15. Rb1 Rb8 16. Qa4 Bf5 17. Rbc1 Bb2 18. Rc4 Rfc8 19. Qb5 Bf6 20. Rfc1 Bd7 21. Qb1 Bc6 22. Rb4 Bxg2 23. Kxg2 Rd8 24. Qe4 Qc6 25. Rcb1 Qxe4+ 26. Rxe4 Rdc8 27. Ra4 a6 28. Rab4 Rc7 29. Rb6 Rbc8 30. Rxb7 e6 31. R7b6 Be7 32. Rxa6 Bxc5 33. Bf4 Rd7 34. a4 Ba7 35. Be5 Kf8 36. Rd6 Rdc7 37. Rd3 Rc2 38. Rb7 Bc5 39. e3 Ra2 40. Rdd7 Bxe3 41. Rxf7+ Ke8 42. Rbe7+ Kd8 43. Bd6 1-0

[Event "EIWCC 2017"]
[Site "Riga"]
[Date "2017.04.13"]
[Round "3"]
[White "Tsolakidou, Stavroula"]
[Black "Berzina, Ilze"]
[Result "0-1"]
[ECO "B10"]
[WhiteElo "2395"]
[BlackElo "2297"]
[Annotator "NA"]
[PlyCount "96"]
[EventDate "2017.??.??"]
[EventType "swiss"]
[EventCountry "LAT"]
[SourceTitle "playchess.com"]
[Source "ChessBase"]
[SourceQuality "1"]
[TimeControl "40/5400+30:1800+30"]

1. e4 c6 2. Nf3 d5 3. d3 Bg4 4. Be2 Nd7 5. Nfd2 Bxe2 6. Qxe2 dxe4 7. dxe4 e5 8. Nc4 Ngf6 9. f3 Bc5 10. Be3 Qe7 11. O-O O-O 12. Nbd2 Nh5 13. g3 Rad8 14. Nb3 Bxe3+ 15. Nxe3 g6 16. Qf2 Ng7 17. Rad1 Nb6 18. Rd2 Rxd2 19. Qxd2 Rd8 20. Qa5 Nc8 21. Ng4 f6 22. Qc5 Qxc5+ 23. Nxc5 b6 24. Nxf6+ Kf7 25. Ncd7 Ke7 26. f4 Rxd7 27. Nxd7 Kxd7 28. f5 Nd6 29. fxg6 hxg6 30. Rf6 g5 31. Rg6 Ne6 32. h4 Ke7 33. Rh6 Nxe4 34. Rh7+ Kf6 35. Rxa7 Nxg3 36. hxg5+ Kxg5 37. Ra6 e4 38. Rxb6 Nd4 39. c3 Nc2 40. Rxc6 e3 41. Re6 Kf4 42. Rxe3 Nxe3 43. a4 Ne4 44. Kh2 Ng5 45. a5 Kf3 46. Kg1 Kg3 47. a6 Nf3+ 48. Kh1 Ng4 0-1

[Event "EIWCC 2017"]
[Site "Riga"]
[Date "2017.04.13"]
[Round "3"]
[White "Michna, Marta"]
[Black "Galojan, Lilit"]
[Result "1-0"]
[ECO "A45"]
[WhiteElo "2389"]
[BlackElo "2290"]
[Annotator "NA"]
[PlyCount "85"]
[EventDate "2017.??.??"]
[EventType "swiss"]
[EventCountry "LAT"]
[SourceTitle "playchess.com"]
[Source "ChessBase"]
[SourceQuality "1"]
[TimeControl "40/5400+30:1800+30"]

1. d4 Nf6 2. Bg5 c5 3. Bxf6 gxf6 4. d5 Qb6 5. Qc1 f5 6. g3 Bg7 7. c3 d6 8. Nd2 Nd7 9. Qc2 Nf6 10. Bg2 Bd7 11. Nh3 h5 12. Nf4 h4 13. Nc4 Qc7 14. a4 hxg3 15. hxg3 Rxh1+ 16. Bxh1 Bh6 17. Bf3 Bxf4 18. gxf4 O-O-O 19. O-O-O Kb8 20. Rg1 Rg8 21. Rxg8+ Nxg8 22. Bh5 Nh6 23. Qd1 Qd8 24. Qg1 Qf8 25. a5 Kc7 26. Qg5 Ng8 27. Ne3 e6 28. Kd2 Be8 29. Bf3 f6 30. Qg2 e5 31. Nxf5 Ne7 32. Qg7 Qxg7 33. Nxg7 Bf7 34. c4 Kd8 35. Bh5 Bxh5 36. Nxh5 Ng8 37. Ke3 Ke7 38. Ke4 Nh6 39. Ng3 Ng4 40. Nf5+ Kd7 41. Kf3 Nh2+ 42. Kg2 Ng4 43. Kg3 1-0

[Event "EIWCC 2017"]
[Site "Riga"]
[Date "2017.04.13"]
[Round "3"]
[White "Ovod, Evgenija"]
[Black "Balajayeva, Khanim"]
[Result "1-0"]
[ECO "D26"]
[WhiteElo "2382"]
[BlackElo "2196"]
[Annotator "NA"]
[PlyCount "89"]
[EventDate "2017.??.??"]
[EventType "swiss"]
[EventCountry "LAT"]
[SourceTitle "playchess.com"]
[Source "ChessBase"]
[SourceQuality "1"]
[TimeControl "40/5400+30:1800+30"]

1. Nf3 d5 2. d4 Nf6 3. c4 dxc4 4. e3 e6 5. Bxc4 a6 6. O-O b5 7. Bd3 Bb7 8. a4 b4 9. Qe2 c5 10. Rd1 Nbd7 11. Nbd2 Be7 12. Nc4 Qc7 13. Bd2 O-O 14. Rac1 Nb6 15. dxc5 Qxc5 16. Nce5 Qa5 17. Rc7 Bxf3 18. Nxf3 Nbd7 19. Rcc1 Nc5 20. Bc2 Rac8 21. Nd4 Qb6 22. b3 Nfe4 23. Be1 Bf6 24. Bb1 Nd6 25. Qd2 a5 26. Bc2 e5 27. Nf3 Rfd8 28. Qe2 g6 29. Nd2 e4 30. f3 exf3 31. Qxf3 Bb2 32. Rb1 Bg7 33. Bg3 Ncb7 34. Bd3 Rc3 35. Nc4 Nxc4 36. Bxc4 Rf8 37. Bf4 Nc5 38. Rd6 Qa7 39. h3 Nxa4 40. Ra6 Qc5 41. Bd6 Qc8 42. Rc6 Qe8 43. Bxf8 Kxf8 44. Rf1 f5 45. bxa4 1-0

[Event "EIWCC 2017"]
[Site "Riga"]
[Date "2017.04.13"]
[Round "3"]
[White "Savina, Anastasia"]
[Black "Zherebtsova, Alexandra"]
[Result "1-0"]
[ECO "D43"]
[WhiteElo "2378"]
[BlackElo "2222"]
[Annotator "NA"]
[PlyCount "53"]
[EventDate "2017.??.??"]
[EventType "swiss"]
[EventCountry "LAT"]
[SourceTitle "playchess.com"]
[Source "ChessBase"]
[SourceQuality "1"]
[TimeControl "40/5400+30:1800+30"]

1. Nf3 d5 2. d4 Nf6 3. c4 c6 4. Nc3 e6 5. Bg5 h6 6. Bxf6 Qxf6 7. Qb3 dxc4 8. Qxc4 g6 9. e3 Nd7 10. O-O-O Bg7 11. h4 O-O 12. h5 g5 13. Bd3 Qe7 14. Bc2 e5 15. g4 exd4 16. exd4 Rd8 17. d5 Nf8 18. Rhe1 Qc7 19. Bb3 Qa5 20. Ne5 cxd5 21. Nxd5 Be6 22. Ne7+ Kh7 23. Bc2+ Kh8 24. Nxf7+ Bxf7 25. Qxf7 Rxd1+ 26. Rxd1 Bxb2+ 27. Kb1 1-0

[Event "EIWCC 2017"]
[Site "Riga"]
[Date "2017.04.13"]
[Round "3"]
[White "Kovanova, Baira"]
[Black "Gueci, Tea"]
[Result "1/2-1/2"]
[ECO "B18"]
[WhiteElo "2376"]
[BlackElo "2132"]
[Annotator "NA"]
[PlyCount "81"]
[EventDate "2017.??.??"]
[EventType "swiss"]
[EventCountry "LAT"]
[SourceTitle "playchess.com"]
[Source "ChessBase"]
[SourceQuality "1"]
[TimeControl "40/5400+30:1800+30"]

1. e4 c6 2. d4 d5 3. Nc3 dxe4 4. Nxe4 Bf5 5. Ng3 Bg6 6. Nh3 e6 7. Nf4 Bd6 8. c3 Nf6 9. Bc4 Qc7 10. Qf3 Nd5 11. Nxg6 hxg6 12. Bg5 Be7 13. Bd2 Nd7 14. h3 N7f6 15. O-O O-O 16. Bb3 c5 17. c4 Nb6 18. Bf4 Bd6 19. Bxd6 Qxd6 20. dxc5 Qxc5 21. Qxb7 Nxc4 22. Rac1 Qb6 23. Qxb6 Nxb6 24. Rc7 Nbd5 25. Rc4 Nb6 26. Rc5 Rfd8 27. Rfc1 Rd7 28. Ra5 Kf8 29. Nf1 Ke7 30. Ne3 Rb8 31. Rc2 Ne4 32. Ng4 Rc8 33. Ne5 Rdc7 34. Rxc7+ Rxc7 35. Rxa7 Rxa7 36. Nc6+ Kd6 37. Nxa7 Kc5 38. Bc2 Nd6 39. a4 Nbc4 40. b3 Na3 41. Bd1 1/2-1/2

[Event "EIWCC 2017"]
[Site "Riga"]
[Date "2017.04.13"]
[Round "3"]
[White "Arabidze, Meri"]
[Black "Sazonova, Anastasia"]
[Result "1-0"]
[ECO "D10"]
[WhiteElo "2373"]
[BlackElo "2143"]
[Annotator "NA"]
[PlyCount "181"]
[EventDate "2017.??.??"]
[EventType "swiss"]
[EventCountry "LAT"]
[SourceTitle "playchess.com"]
[Source "ChessBase"]
[SourceQuality "1"]
[TimeControl "40/5400+30:1800+30"]

1. d4 d5 2. c4 c6 3. cxd5 cxd5 4. Nc3 Nf6 5. Bf4 Nc6 6. Nf3 a6 7. Rc1 Nh5 {[%emt 0:01:06] D13: Slav Defence: Exchange variation without ...Bf5} (7... e6 8. e3 Be7 9. h3 O-O 10. Bd3 Bd7 11. O-O Rc8 12. Ne5 Be8 13. Bg5 h6 14. Bh4 Nd7 15. Nxc6 Rxc6 16. Bxe7 Qxe7 17. Na4 Nf6 18. Qb3 Rxc1 19. Rxc1 Bxa4 20. Qxa4 Qd6 {½-½ (20) Artemiev,V (2663)-Vitiugov,N (2721) Sochi 2016}) 8. Bd2 Nf6 9. h3 e6 10. Bf4 Bd6 11. Bxd6 Qxd6 12. e3 O-O 13. Bd3 $146 (13. Be2 e5 14. dxe5 Nxe5 15. Nd4 Rd8 16. O-O {1-0 (42) Roldan Marques,D (2021)-Alfaro Pinero,A (1747) Pamplona 2015}) 13... Bd7 14. O-O Rac8 15. Qe2 b5 16. a3 Na5 17. Ne5 Nc4 18. f4 Ne8 19. a4 b4 (19... Nc7 $14) 20. Nb1 $11 ({And not} 20. Nxd7 Qxd7 21. b3 (21. Ne4 Nxe3 22. Qxe3 Rxc1 23. Rxc1 dxe4 24. Bxe4 Qxa4 $11) 21... bxc3 $11) ({Better is} 20. Bxc4 $16 bxc3 21. Bxa6) 20... Bxa4 21. Nxc4 dxc4 22. Bxc4 Nc7 23. Nd2 Bb5 24. Ne4 Qb6 25. Bxb5 Nxb5 26. Nc5 Rfd8 27. Kh2 h6 28. Ra1 a5 29. Rfc1 Ra8 30. Qf3 Nd6 31. Ra4 Qb5 32. Rca1 Rdc8 33. Kg1 Qb6 34. Qe2 Ra7 35. Qd3 Rd8 36. Nb3 Rda8 37. Nc5 Rd8 38. Nb3 Rda8 39. Kf1 Nb7 40. Rc1 Nd6 41. Kg1 Rc7 42. Rxc7 Qxc7 43. Nc5 Nb7 44. Qe4 Ra7 45. Qe5 Nd6 46. b3 Nb5 47. Qxc7 Nxc7 48. Kf2 Nb5 49. Ke1 Kf8 50. Kd2 Ke7 51. Ra1 Na3 52. Kd3 Rc7 53. Rf1 f5 54. g4 g6 55. Rg1 Kf6 56. h4 fxg4 57. Rxg4 Nb5 58. Rg1 Nd6 59. Ra1 Nb7 60. Nxb7 Rxb7 61. Rxa5 Rc7 62. Rc5 Ra7 63. Rb5 Ra2 64. h5 g5 65. fxg5+ hxg5 66. Rxb4 Rh2 67. Rb8 Rxh5 68. b4 g4 69. Rg8 Kf5 70. b5 Rh1 71. Kc4 Rc1+ 72. Kb4 Ke4 73. Rxg4+ Kxe3 74. b6 Kf3 75. Rh4 Ke3 76. Kb5 Rb1+ 77. Kc6 Rc1+ 78. Kd7 Rb1 79. Kc7 Rc1+ 80. Kb8 Kd3 81. b7 Rb1 82. Kc7 Rc1+ 83. Kd7 Rb1 84. Kc7 Rc1+ 85. Kd6 Rb1 86. Kxe6 Kc4 87. d5+ Kc5 88. Rh7 Rb6+ 89. Ke5 Kb5 90. Rc7 Ka6 91. Rc6 1-0

[Event "EIWCC 2017"]
[Site "Riga"]
[Date "2017.04.13"]
[Round "3"]
[White "Yildiz, Betul Cemre"]
[Black "Balaian, Alina"]
[Result "1/2-1/2"]
[ECO "C06"]
[WhiteElo "2367"]
[BlackElo "2229"]
[Annotator "NA"]
[PlyCount "101"]
[EventDate "2017.??.??"]
[EventType "swiss"]
[EventCountry "LAT"]
[SourceTitle "playchess.com"]
[Source "ChessBase"]
[SourceQuality "1"]
[TimeControl "40/5400+30:1800+30"]

1. e4 e6 2. d4 d5 3. Nd2 Nf6 4. e5 Nfd7 5. Bd3 c5 6. c3 Nc6 7. Ne2 cxd4 8. cxd4 f6 9. exf6 Nxf6 10. Nf3 Bd6 11. O-O Qc7 12. h3 O-O 13. Be3 Bd7 14. Re1 Be8 15. Ng5 Qd7 16. Nf4 Bxf4 17. Bxf4 Ne4 18. Be3 Nxg5 19. Bxg5 Qf7 20. Be3 Bd7 21. Qb3 b6 22. Rac1 Rae8 23. f4 Rc8 24. Ba6 Rcd8 25. Qa3 Qf6 26. Red1 Rf7 27. Be2 Qe7 28. Qxe7 Nxe7 29. g3 Nf5 30. Bf2 Nd6 31. Bg4 Kf8 32. Be1 a5 33. b3 Ke7 34. Be2 Rff8 35. Bd3 g6 36. g4 Rc8 37. Bh4+ Kf7 38. Ba6 Rxc1 39. Rxc1 Ra8 40. Bd3 Rc8 41. Rxc8 Nxc8 42. Bd8 Ke8 43. Bc7 a4 44. bxa4 Bxa4 45. f5 exf5 46. gxf5 gxf5 47. Bxf5 Bd7 48. Bxh7 Bxh3 49. Kf2 Kd7 50. Bf4 Ne7 51. Bd3 1/2-1/2